Map: Zen LE

Players

LowLinK

  • Race: Protoss Protoss
  • League: Platinum
  • Spawn Location: 1:00

panthera - Winner!

  • Race: Zerg Zerg
  • League: Platinum
  • Spawn Location: 7:00

VOD

Have the link to the VOD?

Description

Time

  • Played on: Feb. 15, 2020, 8:57 a.m.
  • Length: 5:32
Show
View Real Time Build Order
Export as new Build Order

LowLinK Protoss 

Build Orders:  

Get SALT Encoding   

  12  0:01  Probe  
  13  0:13  Probe  
  14  0:17  Pylon  
  14  0:25  Probe  
  15  0:35  Gateway  
  15  0:38  Probe (Chrono Boost)  
  16  0:48  Probe (Chrono Boost)  
  16  0:49  Assimilator  
  17  0:53  Probe (Chrono Boost)  
  18  1:02  Assimilator  
  18  1:04  Probe  
  19  1:15  Pylon  
  19  1:16  Probe  
  20  1:26  Cybernetics Core  
  20  1:29  Probe  
  21  1:41  Probe  
  22  1:53  Probe  
  23  1:56  Pylon  
  23  1:59  Warp Gate (Chrono Boost)  
  23  2:08  Adept  
  23  2:09  Gateway  
  23  2:12  Gateway  
  25  2:18  Gateway  
  25  2:38  Stalker  
  27  2:48  Pylon  
  26  3:21  Stalker (Chrono Boost)  
  28  3:42  Stalker  
  28  3:43  Stalker  
  26  3:59  Stalker x3  
  28  4:12  Zealot  
  28  4:26  Sentry  
  30  4:36  Pylon  
  30  4:37  Pylon  
  30  4:42  Probe  
  31  5:01  Gateway  
  31  5:17  Stalker x2  
  31  5:18  Stalker  
Show
View Real Time Build Order
Export as new Build Order

panthera Zerg - Winner!

Build Orders: Hatch First 

Get SALT Encoding   

  12  0:01  Drone  
  13  0:13  Drone  
  14  0:19  Overlord  
  14  0:38  Drone x3  
  17  0:54  Hatchery  
  17  0:56  Drone  
  17  1:01  Extractor  
  17  1:02  Drone  
  17  1:16  Spawning Pool  
  16  1:21  Drone  
  16  1:24  Drone  
  18  1:33  Drone  
  19  1:44  Drone  
  20  1:56  Overlord  
  20  2:05  Drone  
  20  2:06  Queen  
  20  2:07  Queen  
  25  2:09  Zergling x2  
  26  2:18  Metabolic Boost  
  26  2:21  Drone x2  
  28  2:28  Zergling x2  
  28  2:29  Zergling x2  
  30  2:38  Overlord  
  30  2:42  Zergling x2  
  32  2:51  Zergling x2  
  32  2:57  Queen  
  34  2:58  Drone  
  34  2:59  Drone  
  34  3:00  Zergling x2  
  35  3:25  Zergling x8  
  35  3:26  Hatchery  
  38  3:34  Zergling x6  
  37  3:55  Zergling x2  
  37  3:56  Zergling x8  
  37  3:58  Queen  
  37  4:01  Zergling x2  
  43  4:05  Roach Warren  
  41  4:17  Overlord  
  41  4:18  Overlord x2  
  41  4:20  Pneumatized Carapace  
  40  4:33  Queen  
  42  4:39  Drone x2  
  42  4:40  Overlord x2  
  42  4:42  Drone, Queen  
  49  4:52  Roach  
  49  4:53  Roach  
  49  4:57  Overlord  
  49  4:58  Extractor  
  49  4:59  Zergling x2  
  50  5:10  Overlord x2  
Tags
 
Add a new tag
Caveats
  • Supply blocks, unpowered buildings, or Contaminate may cause inaccurate times.
  • Supply counts are checked every 10 seconds.